 Dungeon Crawl Stone Soup version 0.23.2-1-ga50397a6bc (webtiles) character file.

Game seed: 6991381046061079704

7555 Foic the Grappler (level 10, -4/100 HPs)
             Began as a Troll Fighter on May 30, 2019.
             Was an Elder of Yredelemnul.
             Killed from afar by Josephine (31 damage)
             ... with a ghostly fireball
             ... on level 10 of the Dungeon.
             The game lasted 00:37:48 (8689 turns).

Foic the Grappler (Troll Fighter)                   Turns: 8689, Time: 00:37:48

Health: -4/100     AC: 14    Str: 26    XL:     10   Next: 96%
Magic:  21/21      EV: 26    Int:  9    God:    Yredelemnul [****..]
Gold:   568        SH: 10    Dex: 12    Spells: 8/9 levels left

rFire    . . .     SeeInvis .     - Unarmed
rCold    + . .     Gourm    +   b - +0 shield
rNeg     . . .     Faith    .   R - +0 troll leather armour
rPois    .         Spirit   .   I - +3 hat of Pondering {ponderous, MR+ MP+10 Int+5}
rElec    .         Reflect  .   P - +2 cloak
rCorr    .         Harm     .   (gloves unavailable)
MR       +....                  (boots unavailable)
Stlth    +.........             B - amulet of the Middle {Acrobat rC+}
HPRegen  1.06/turn              (no ring)
MPRegen  0.17/turn              (no ring)

@: acrobat, heavily drained, slow
A: large, unfitting armour, claws 3, fast metabolism 3, gourmand, regeneration
1, shaggy fur 1, tough skin 3
a: Recall Undead Slaves, Injury Mirror, Animate Dead, Drain Life, Renounce
Religion


You were on level 10 of the Dungeon.
You worshipped Yredelemnul.
Yredelemnul was greatly pleased with you.
You were full.

You visited 3 branches of the dungeon, and saw 12 of its levels.

You collected 568 gold pieces.

Inventory:

Hand Weapons
 D - the +8 long sword "Nauvoit" {vamp, rC+ Dex+4 Stlth-}
   (You found it on level 10 of the Dungeon)

   It inflicts no extra harm, but heals its wielder when it wounds a living foe.
   It affects your dexterity (+4).
   It protects you from cold.
   It makes you less stealthy.
 F - a +2 quarterstaff of chaos
Missiles
 e - 289 stones
 t - 4 poisoned tomahawks (quivered)
 x - 4 throwing nets
 y - 3 tomahawks
 J - 7 javelins
Armour
 a - a +0 robe
 b - a +0 shield (worn)
 I - the +3 hat of Pondering (worn) {ponderous, MR+ MP+10 Int+5}
   (You found it on level 9 of the Dungeon)

   It affects your intelligence (+5).
   It affects your resistance to hostile enchantments.
   It affects your magic capacity (+10).
 P - a +2 cloak (worn)
 R - a +0 troll leather armour (worn)
Magical Staves
 M - an uncursed staff of poison
Jewellery
 w - an uncursed ring of attention
 B - the amulet of the Middle (around neck) {Acrobat rC+}
   (You found it on level 6 of the Dungeon)

   [amulet of the acrobat]

   It helps you evade while moving and waiting.
   It protects you from cold.
Wands
 v - a wand of acid (28)
 E - a wand of flame (26)
 G - a wand of paralysis (2)
 K - a wand of polymorph (7)
 N - a wand of digging (5)
Scrolls
 h - 9 scrolls of identify
 k - a scroll of fear
 l - 5 scrolls of remove curse
 o - 2 scrolls of enchant weapon {unknown}
 p - 3 scrolls of enchant armour {unknown}
 q - 2 scrolls of fog {unknown}
 r - 2 scrolls of teleportation {unknown}
 A - a scroll of immolation {unknown}
 C - a scroll of blinking {unknown}
 H - 2 scrolls of amnesia {unknown}
 O - a scroll of noise {unknown}
Potions
 c - a potion of might
 f - a potion of agility
 g - 4 potions of curing {unknown}
 i - 2 potions of resistance {unknown}
 j - 2 potions of lignification {unknown}
 m - 2 potions of brilliance {unknown}
 n - a potion of magic {unknown}
 s - a potion of mutation {unknown}
 u - a potion of degeneration {unknown}
 z - 2 potions of heal wounds {unknown}
 L - a potion of invisibility {unknown}
Comestibles
 d - 18 rations


   Skills:
 * Level 6.5(5.2) Fighting
 + Level 0.4(0.0) Throwing
 + Level 0.5(0.0) Armour
 * Level 7.0(5.8) Dodging
 + Level 1.6(0.6) Stealth
 + Level 6.1(4.8) Shields
 + Level 10.0(8.7) Unarmed Combat
 + Level 0.1(0.0) Spellcasting
 + Level 0.2(0.0) Hexes
 + Level 3.7(2.6) Invocations


You had 8 spell levels left.
You knew the following spells:

 Your Spells              Type           Power        Failure   Level  Hunger
a - Confusing Touch       Hex            #.....       75%         1    ##.....

Your spell library contained the following spells:

 Spells                   Type           Power        Failure   Level  Hunger
 Animate Skeleton         Necr           N/A          75%         1    ##.....
 Apportation              Tloc           #.....       75%         1    ##.....
 Beastly Appendage        Tmut           #.....       75%         1    ##.....
 Summon Small Mammal      Summ           #...         75%         1    ##.....
 Sticks to Snakes         Tmut           #.......     86%         2    ###....
 Spider Form              Tmut/Pois      #.........   98%         3    ####...
 Ice Form                 Ice/Tmut       #.......     100%        4    #####..
 Blade Hands              Tmut           #.........   100%        5    ######.


Dungeon Overview and Level Annotations

Branches:
Dungeon (10/15)            Temple (1/1) D:4            Lair (1/6) D:9
    Orc: D:9-12

Altars:
Ashenzari
Cheibriados
Dithmenos
Elyvilon
Fedhas
Gozag
Hepliaklqana
Kikubaaqudgha
Makhleb
Nemelex Xobeh
Okawaru
Qazlal
Ru
Sif Muna
Trog
Uskayaw
Vehumet
Wu Jian
Xom
Yredelemnul
Zin
The Shining One
Lugonu

Shops:
D:4 =   D:8 *

Annotations:
D:7 3 runed translucent doors, kikerikii's ghost, novice MiBe; vierth's ghost, novice MiFi
D:8 2 transporters
D:9 5-hydra at entrance
D:10 Josephine


Innate Abilities, Weirdness & Mutations

You are too large for most types of armour.
You have claws for hands.
Your metabolism is lightning-fast.
You like to eat raw meat.
Your natural rate of healing is unusually fast.
You are covered in fur. (AC +1)
You have extremely tough skin. (AC +3)


Message History

You block the two-headed ogre's attack.
You scratch the two-headed ogre.
You kill the two-headed ogre!
Yredelemnul accepts your kill.
Your Dodging skill increases to level 7!
Your Unarmed Combat skill increases to level 10!
You block the hound zombie's attack.
Your dark mirror aura disappears.
Josephine gestures at you while chanting.
The ghostly flame explodes!
The ghostly fireball engulfs you!!
You feel drained.
* * * LOW HITPOINT WARNING * * *
You hear a shout!
A cyclops comes into view.
The cyclops throws a large rock.
The large rock closely misses you.
Josephine gestures at you while chanting.
The ghostly flame explodes!
The ghostly fireball engulfs you!!
You feel drained.
You die...
Your body rises from the dead as a mindless zombie.

###'#......##DlD
##... #.#.....##...
##.. #.#.....###$$
#.. #.#.....# ######
#.. #.####..#⌠
.....⌠#.) #.#<##..#.
_.._.W#†. #.#.##..'
....W@W.. #.#.##.W#
....Z#..
#.#@##..##########..
#.#.##C@..@..W...Z.#
#.#.##.######.######
#.#.##.# #.#####
#W#@##.# #..zW.#
#.#....# #####.#
#z####(# #z#
#.###############.#
#............W.z..#


You could see Josephine.

Vanquished Creatures
  A storm dragon (D:10)
  2 two-headed ogres
  A wraith (D:10)
  3 orc warriors
  A sky beast (D:7)
  2 ice beasts
  3 centaurs
  3 ogres
  A big kobold (D:9)
  2 bullfrogs
  A gnoll sergeant (D:8)
  A water moccasin skeleton (D:6)
  4 scorpions (D:6)
  4 wights (D:6)
  7 crimson imps
  A centaur zombie (D:5)
  A jelly (D:3)
  A quasit (D:9)
  4 hounds
  6 orc priests
  Crazy Yiuf (D:2)
  15 orc wizards
  3 centaur skeletons
  Ijyb (D:4)
  3 bullfrog skeletons
  2 gnoll shamans
  2 iguanas
  Terence (D:3)
  5 worker ants
  8 adders
  44 gnolls
  2 shadow imps
  An ooze (D:6)
  An adder zombie (D:5)
  A worm (D:2)
  2 dart slugs
  A leopard gecko (D:2)
  33 orcs
  6 giant cockroaches
  11 goblins
  3 hobgoblins (D:1)
  16 jackals
  13 kobolds
  4 quokkas
  A ball python (D:1)
  4 bats
  6 frilled lizards
  2 rats (D:1)
241 creatures vanquished.

Vanquished Creatures (collateral kills)
  Maurice (D:9)
  A troll (D:10)
  A hippogriff (D:9)
  A hungry ghost (D:10)
  A water moccasin (D:7)
  2 orc warriors
  A black bear (D:10)
  An ice beast (D:9)
  An ogre (D:5)
  A scorpion (D:9)
  A quasit (D:8)
  2 centaur skeletons
  A bullfrog skeleton (D:8)
  An orc priest (D:9)
  An orc wizard (D:7)
  10 gnolls
  2 adders (D:9)
  9 orcs
  A giant cockroach (D:7)
  A kobold (D:9)
  4 bushes (D:6)
44 creatures vanquished.

Vanquished Creatures (others)
  A flying skull (D:10)
  A wraith (D:10)
  A troll skeleton (D:10)
  A wight (D:10)
  A centaur skeleton (D:6)
  7 orc skeletons
  6 withered plants (D:7)
18 creatures vanquished.

Grand Total: 303 creatures vanquished

Notes
Turn   | Place    | Note
-------+----------+-------------------------------------------
     0 | D:1      | Foic the Troll Fighter began the quest for the Orb.
     0 | D:1      | Reached XP level 1. HP: 22/22 MP: 0/0
    50 | D:1      | Reached XP level 2. HP: 23/29 MP: 1/1
   587 | D:2      | Reached XP level 3. HP: 19/37 MP: 2/2
   601 | D:2      | Reached XP level 4. HP: 4/45 MP: 3/3
   957 | D:2      | Found a radiant altar of Vehumet.
  1064 | D:2      | Found a burning altar of Makhleb.
  1086 | D:2      | Found a runed translucent door.
  1087 | D:2      | Noticed Crazy Yiuf
  1561 | D:3      | Reached XP level 5. HP: 48/53 MP: 4/4
  1729 | D:3      | Noticed Terence
  1738 | D:3      | Killed Terence
  1738 | D:3      | Reached skill level 3 in Unarmed Combat
  1752 | D:3      | Found a sacrificial altar of Ru.
  2330 | D:4      | Reached XP level 6. HP: 47/61 MP: 5/5
  2439 | D:4      | Noticed Ijyb
  2448 | D:4      | Killed Ijyb
  2454 | D:4      | Found Vaoh's Jewellery Emporium.
  2496 | D:4      | Reached skill level 4 in Unarmed Combat
  2565 | D:4      | Learned a level 1 spell: Confusing Touch
  2634 | D:4      | Found a staircase to the Ecumenical Temple.
  2644 | Temple   | Entered the Ecumenical Temple
  2741 | Temple   | Became a worshipper of Yredelemnul the Dark
  3073 | D:4      | Found a snail-covered altar of Cheibriados.
  3120 | D:5      | Entered Level 5 of the Dungeon
  3210 | D:5      | Noticed an ice beast
  3419 | D:4      | Killed an ice beast
  3419 | D:4      | Reached XP level 7. HP: 41/68 MP: 4/6
  3476 | D:5      | Found a shimmering altar of Xom.
  3863 | D:5      | Reached skill level 5 in Unarmed Combat
  3943 | D:5      | Reached * piety under Yredelemnul
  4157 | D:5      | Reached XP level 8. HP: 78/78 MP: 7/7
  4471 | D:5      | Reached skill level 5 in Dodging
  4482 | D:5      | Reached ** piety under Yredelemnul
  4492 | D:5      | Reached skill level 6 in Unarmed Combat
  4737 | D:5      | Reached skill level 1 in Invocations
  5328 | D:6      | Reached skill level 7 in Unarmed Combat
  5335 | D:6      | Reached XP level 9. HP: 53/85 MP: 9/9
  5336 | D:6      | Found a blossoming altar of Fedhas.
  5474 | D:6      | Got a glittering garnet amulet
  5475 | D:6      | Identified the amulet of the Middle {Acrobat rC+} (You
                  | found it on level 6 of the Dungeon)
  5491 | D:6      | Reached *** piety under Yredelemnul
  5541 | D:6      | Received a gift from Yredelemnul (a wight)
  5554 | D:6      | Reached skill level 1 in Stealth
  5963 | D:7      | Found a runed translucent gate.
  5963 | D:7      | Found a runed translucent gate.
  5963 | D:7      | Found a runed translucent gate.
  5963 | D:7      | Noticed kikerikii's ghost (novice MiBe)
  5963 | D:7      | Noticed vierth's ghost (novice MiFi)
  5972 | D:7      | Reached skill level 5 in Fighting
  6154 | D:7      | Found a sacrificial altar of Ru.
  6155 | D:7      | Found a deep blue altar of Sif Muna.
  6206 | D:7      | Reached skill level 8 in Unarmed Combat
  6242 | D:7      | Received a gift from Yredelemnul (4 flying skulls)
  6800 | D:2      | Killed Crazy Yiuf
  6951 | D:8      | Reached **** piety under Yredelemnul
  7081 | D:8      | Received a gift from Yredelemnul (a wraith)
  7127 | D:8      | Found an ornate altar of the Wu Jian Council.
  7181 | D:8      | Found a transporter.
  7181 | D:8      | Noticed a white ugly thing
  7181 | D:8      | Noticed a green ugly thing
  7182 | D:8      | Found a corrupted altar of Lugonu.
  7183 | D:8      | Noticed a white ugly thing
  7263 | D:8      | Reached skill level 5 in Shields
  7463 | D:8      | Found Arphuunly's Assorted Antiques.
  7514 | D:8      | Noticed a two-headed ogre
  7521 | D:8      | Killed a two-headed ogre
  7521 | D:8      | Reached skill level 9 in Unarmed Combat
  7521 | D:8      | Reached XP level 10. HP: 67/97 MP: 9/11
  7656 | D:8      | Found a transporter.
  7843 | D:9      | Found the +3 hat of Pondering {ponderous, MR+ MP+10 Int+5}
  8028 | D:9      | Found a staircase to the Lair.
  8069 | D:9      | Received a gift from Yredelemnul (a wight)
  8346 | D:9      | Noticed Maurice
  8367 | D:9      | Killed Maurice
  8474 | Lair:1   | Entered Level 1 of the Lair of Beasts
  8474 | Lair:1   | Noticed a five-headed hydra
  8481 | D:10     | Entered Level 10 of the Dungeon
  8500 | D:10     | Got an iridescent long sword
  8532 | D:10     | Identified the +8 long sword "Nauvoit" {vamp, rC+ Dex+4
                  | Stlth-} (You found it on level 10 of the Dungeon)
  8628 | D:10     | Noticed a storm dragon
  8629 | D:10     | Noticed a fire dragon
  8657 | D:10     | Killed a storm dragon
  8658 | D:10     | Found a bloodstained altar of Trog.
  8659 | D:10     | Noticed a two-headed ogre
  8659 | D:10     | Found a shimmering altar of Xom.
  8659 | D:10     | Noticed Josephine
  8667 | D:10     | Killed a two-headed ogre
  8667 | D:10     | Reached skill level 10 in Unarmed Combat
  8678 | D:10     | Noticed a cyclops
  8689 | D:10     | Killed from afar by Josephine

Skill      XL: |  1  2  3  4  5  6  7  8  9 10 |
---------------+-------------------------------+-----
Fighting       | 3 4 5 6 |  6.5
Dodging        | 3 4 5 6 7 |  7.0
Shields        | 3 4 5 6 |  6.1
Unarmed Combat | 3 4 5 7 9 10 | 10.0
Invocations    | 2 3 |  3.7
Stealth        | 1 |  1.6
Throwing       | |  0.4
Armour         | |  0.5
Spellcasting   | |  0.1
Hexes          | |  0.2

Action                   |  1- 3 |  4- 6 |  7- 9 | 10-12 || total
-------------------------+-------+-------+-------+-------++-------
Melee: Unarmed           |    69 |   181 |   457 |   100 ||   807
Throw: Stone             |       |     2 |     2 |       ||     4
       Tomahawk          |       |     1 |     3 |       ||     4
 Cast: Confusing Touch   |       |       |     1 |       ||     1
Invok: Animate Remains   |       |       |    33 |       ||    33
       Animate Dead      |       |       |    10 |     8 ||    18
       Injury Mirror     |       |       |       |     1 ||     1
  Use: Scroll            |       |     4 |     1 |     1 ||     6
 Stab: Sleeping          |       |     1 |     1 |     1 ||     3
       Distracted        |       |       |       |     2 ||     2
  Eat: Chunk             |    10 |    24 |    54 |    15 ||   103
Armor: Robe              |    19 |    48 |    65 |    23 ||   155
       Troll leather arm |       |       |       |     5 ||     5
Dodge: Dodged            |    26 |    46 |   171 |    59 ||   302
Block: Shield            |    22 |    77 |   184 |    50 ||   333
